 Dungeon Crawl Stone Soup version 0.23.2-1-ga50397a6bc (webtiles) character file.

Game seed: 17619647518452548532

1592 Andrea the Insei (level 8, -1/54 HPs)
             Began as an Octopode Transmuter on May 29, 2019.
             Was a Follower of Cheibriados.
             Slain by a two-headed ogre
             ... wielding a +0 giant club
              (15 damage)
             ... on level 6 of the Dungeon.
             The game lasted 00:13:04 (5322 turns).

Andrea the Insei (Octopode Transmuter)              Turns: 5322, Time: 00:13:04

Health: -1/54      AC:  6    Str: 13    XL:     8   Next: 93%
Magic:  13/14      EV: 20    Int: 18    God:    Cheibriados [*.....]
Gold:   490        SH:  0    Dex: 24    Spells: 5/15 levels left

rFire    . . .     SeeInvis .     - Unarmed
rCold    . . .     Gourm    .   (shield currently unavailable)
rNeg     . . .     Faith    .   (helmet currently unavailable)
rPois    x         Spirit   .   h - amulet of regeneration
rElec    .         Reflect  .   d - +4 ring of protection
rCorr    .         Harm     .   n - +5 ring of dexterity
MR       +....                  o - ring of stealth
Stlth    +++.......             y - ring of protection from magic
HPRegen  0.58/turn              E - ring of flight
MPRegen  0.14/turn              (no ring)
                                (no ring)
                                (no ring)

@: spider-form, very slow
A: tiny, almost no armour, stealthy swim, (amphibious), 8 rings, (constrict 8)
a: End Transformation, Bend Time, Renounce Religion, Evoke Flight


You were on level 6 of the Dungeon.
You worshipped Cheibriados.
Cheibriados was aware of your devotion.
You were not hungry.
You were a venomous arachnid creature.
You visited 2 branches of the dungeon, and saw 7 of its levels.
You also visited: Ossuary.

You collected 490 gold pieces.

Inventory:

Missiles
 a - 70 arrows
 k - 31 poisoned needles
Armour
 D - a cursed +0 buckler
Jewellery
 d - a +4 ring of protection (left front leg)
 h - an amulet of regeneration (around neck)
 n - a +5 ring of dexterity (right front leg)
 o - a ring of stealth (on tentacle)
 y - a ring of protection from magic (on tentacle)
 E - a ring of flight (on tentacle)
Wands
 r - a wand of acid (4)
Scrolls
 f - a scroll of noise {unknown}
 l - 3 scrolls of fog {unknown}
 m - 3 scrolls of remove curse
 p - a scroll of teleportation
 s - 2 scrolls of fear {unknown}
 u - a scroll of amnesia {unknown}
 w - 3 scrolls of vulnerability
 C - a scroll of magic mapping {unknown}
Potions
 g - 3 potions of heal wounds
 i - a potion of resistance {unknown}
 q - a potion of brilliance {unknown}
 t - 2 potions of berserk rage {unknown}
 v - 2 potions of lignification {unknown}
 x - 2 potions of invisibility
 z - a potion of degeneration {unknown}
 A - a potion of might {unknown}
 B - a potion of curing {unknown}
Comestibles
 b - 10 chunks of flesh
 c - 7 rations


   Skills:
 + Level 4.0 Fighting
 - Level 2.0 Dodging
 * Level 6.6 Unarmed Combat
 + Level 4.1 Spellcasting
 * Level 6.1 Transmutations
 - Level 3.0 Ice Magic
 - Level 2.3 Poison Magic


You had 5 spell levels left.
You knew the following spells:

 Your Spells              Type           Power        Failure   Level  Hunger
a - Beastly Appendage     Tmut           ####..       5%          1    None
b - Sticks to Snakes      Tmut           ####....     8%          2    ##.....
c - Spider Form           Tmut/Pois      ###.......   21%         3    ###....
d - Ice Form              Ice/Tmut       ###.....     43%         4    ####...

Your spell library contained the following spells:

 Spells                   Type           Power        Failure   Level  Hunger
 Blade Hands              Tmut           ####......   54%         5    ######.


Dungeon Overview and Level Annotations

Branches:
Dungeon (6/15)             Temple (1/1) D:4

Altars:
Ashenzari
Cheibriados
Dithmenos
Elyvilon
Fedhas
Hepliaklqana
Kikubaaqudgha
Makhleb
Nemelex Xobeh
Okawaru
Qazlal
Ru
Trog
Uskayaw
Vehumet
Wu Jian
Xom
The Shining One

Shops:
D:5 %

Annotations:
D:5 2 transporters


Innate Abilities, Weirdness & Mutations

You cannot wear most types of armour.
You are very stealthy in the water. (Stealth+)
((You are amphibious.))
You can wear up to eight rings at the same time.
((You can use your tentacles to constrict eight enemies at once.))
((Your skin changes colour to match your surroundings (Stealth+).))
((Your rubbery body absorbs attacks. (AC +1, EV +1)))


Message History

The two-headed ogre barely misses you.
The two-headed ogre completely misses you.
You bite the two-headed ogre!
The two-headed ogre looks as sick as possible!
The two-headed ogre is heavily wounded.
The two-headed ogre barely misses you.
The two-headed ogre hits you with a +0 giant club!
You hit the two-headed ogre.
The two-headed ogre looks as sick as possible!
The two-headed ogre is severely wounded.
You hit the two-headed ogre.
The two-headed ogre is severely wounded.
The two-headed ogre misses you.
The two-headed ogre hits you with a +0 giant club!
* * * LOW HITPOINT WARNING * * *
You hit the two-headed ogre.
The two-headed ogre looks as sick as possible!
The two-headed ogre is almost dead.
The two-headed ogre hits you with a +0 giant club!
You die...

....## #.# ##.
.#..# #.# ...
...####### #.# #..
..) ....####.###..
#.#####.......##..
#.#.รท.............
#O#.#####.........
#O#)# #.###.##).
#s#)# #.# #.##..
#.#.# #.# #..[..
#.#.#####.# ####..
#.........# #..
###.####### ###..
#...# #.... ###.#
##.#.# #.#
####....# #.#
#........


You could see a two-headed ogre and an ogre.

Vanquished Creatures
  Sigmund (D:3)
  A black bear (D:6)
  An ice beast (D:6)
  3 ogres
  A necrophage (D:3)
  2 scorpions
  A hound (D:4)
  A bullfrog skeleton (D:6)
  A gnoll shaman (D:4)
  2 jellies (D:5)
  An orc priest (D:5)
  4 orc wizards
  2 iguanas
  4 worker ants
  9 mummies
  5 gnolls (D:4)
  11 adders
  2 shadow imps
  An ooze (D:1)
  An adder skeleton (D:4)
  2 worms
  A leopard gecko (D:1)
  16 orcs
  A ball python (D:2)
  5 bats
  4 giant cockroaches
  3 gnoll zombies (Ossuary)
  6 goblins
  6 hobgoblins
  3 jackals (D:3)
  2 quokkas
  A frilled lizard (D:1)
  A goblin zombie (D:4)
  A hobgoblin zombie (Ossuary)
  A jackal skeleton (D:6)
  5 kobolds
  2 kobold zombies (Ossuary)
  A leopard gecko skeleton (D:4)
  3 orc zombies
  5 rats
  2 fungi (D:3)
125 creatures vanquished.

Notes
Turn   | Place    | Note
-------+----------+-------------------------------------------
     0 | D:1      | Andrea the Octopode Transmuter began the quest for the Orb.
     0 | D:1      | Reached XP level 1. HP: 13/13 MP: 3/3
   287 | D:1      | Reached XP level 2. HP: 10/18 MP: 3/5
   307 | D:1      | Learned a level 2 spell: Sticks to Snakes
   443 | D:1      | Found a shattered altar of Ashenzari.
   768 | D:1      | Reached XP level 3. HP: 6/23 MP: 4/6
   789 | D:1      | Learned a level 3 spell: Spider Form
  1466 | D:2      | Reached skill level 1 in Poison Magic
  1730 | D:2      | Reached XP level 4. HP: 28/28 MP: 5/7
  2004 | D:3      | Found a stormy altar of Qazlal.
  2005 | D:3      | Found a blossoming altar of Fedhas.
  2005 | D:3      | Noticed a necrophage
  2014 | D:3      | Killed a necrophage
  2014 | D:3      | Reached XP level 5. HP: 33/34 MP: 4/8
  2017 | D:3      | Noticed Sigmund
  2069 | D:3      | Killed Sigmund
  2069 | D:3      | Reached XP level 6. HP: 41/41 MP: 5/10
  2667 | D:4      | Learned a level 4 spell: Ice Form
  2713 | D:4      | Found a radiant altar of Vehumet.
  2783 | D:4      | Reached XP level 7. HP: 40/45 MP: 11/11
  2803 | D:4      | Found a sand-covered staircase.
  2811 | Ossuary  | Entered an ossuary
  2925 | Ossuary  | Reached skill level 1 in Ice Magic
  2928 | Ossuary  | Reached skill level 5 in Unarmed Combat
  3261 | D:4      | Found a staircase to the Ecumenical Temple.
  3270 | Temple   | Entered the Ecumenical Temple
  3438 | D:4      | Found a snail-covered altar of Cheibriados.
  3526 | D:4      | Became a worshipper of Cheibriados the Contemplative
  3904 | D:5      | Entered Level 5 of the Dungeon
  4153 | D:5      | Reached skill level 5 in Transmutations
  4153 | D:5      | Reached XP level 8. HP: 52/52 MP: 10/13
  4298 | D:5      | Found a transporter.
  4407 | D:5      | Found a bloodstained altar of Trog.
  4542 | D:5      | Found Kaadib's Food Shop.
  4577 | D:5      | Found a transporter.
  4862 | D:5      | Reached * piety under Cheibriados
  5304 | D:6      | Noticed a two-headed ogre
  5322 | D:6      | Slain by a two-headed ogre

Skill      XL: |  1  2  3  4  5  6  7  8 |
---------------+-------------------------+-----
Poison Magic   | 1 2 |  2.3
Transmutations | 3 4 5 6 |  6.1
Fighting       | 2 3 4 |  4.0
Unarmed Combat | 4 5 6 |  6.6
Spellcasting   | 3 4 |  4.1
Ice Magic      | 2 3 |  3.0
Dodging        | |  2.0

Action                   |  1- 3 |  4- 6 |  7- 9 || total
-------------------------+-------+-------+-------++-------
Melee: Unarmed           |    70 |    86 |   231 ||   387
       Constrict         |    18 |    16 |    16 ||    50
       Kick              |    15 |     5 |     9 ||    29
       Tentacles         |     3 |    16 |     9 ||    28
       Punch             |     3 |     1 |     2 ||     6
 Cast: Beastly Appendage |    19 |    12 |    15 ||    46
       Spider Form       |     1 |     4 |    19 ||    24
       Ice Form          |       |       |     1 ||     1
 Abil: End Transformatio |       |       |     1 ||     1
  Use: Scroll            |       |     5 |     3 ||     8
       Potion            |       |       |     1 ||     1
 Stab: Sleeping          |     5 |     4 |     9 ||    18
  Eat: Chunk             |     3 |     4 |    11 ||    18
Armor: Skin              |     5 |     3 |    29 ||    37
Dodge: Dodged            |    40 |    35 |   180 ||   255
